[Event "Team 45 45 League T43"]
[Site "Internet Chess Club"]
[Date "2009.11.22"]
[Round "4"]
[White "Paulkov"]
[Black "charles-allen"]
[Result "1-0"]
[WhiteElo "2028"]
[BlackElo "1862"]
[Opening "Petrov: classical attack"]
[ECO "C42"]
[Time "13:00:15"]
[TimeControl "2700+45"]

1. e4 e5 2. Nf3 Nf6 3. Nxe5 d6 4. Nf3 Nxe4 5. d4 d5 6. Bd3 Be7 7. O-O Bf5 8. c4
dxc4 9. Bxc4 O-O 10. Nc3 Nc6 11. Bd3 Nxc3 12. bxc3 Bxd3 13. Qxd3 Qd6 14. Re1 Bf6
15. Bg5 Rfe8 16. Bxf6 Qxf6 17. Qb5 Reb8 18. Re3 a6 19. Qe2 Rf8 20. Re1 Qd6 21.
Ng5 h6 22. Ne4 Qd8 23. Nc5 Qc8 24. Qf3 Na5 25. Re7 Nc6 26. R7e2 Na5 27. h3 Nc4
28. Nxb7 Rb8 29. Nc5 Nd6 30. Re7 Rb2 31. a4 Re8 32. Qxf7+ Nxf7 33. Rxe8+ Qxe8
34. Rxe8+ Kh7 35. Re7 Rb1+ 36. Kh2 Nd6 37. Rxc7 Rc1 38. Nxa6 Ne4 39. f3 Nd2 40.
Kg3 Nb3 41. d5 Nd4 42. cxd4 {Black resigns} 1-0

[Event "Team 45 45 League T43"]
[Site "Internet Chess Club"]
[Date "2009.11.21"]
[Round "4"]
[White "toolate"]
[Black "MeoPatacca"]
[Result "0-1"]
[WhiteElo "1778"]
[BlackElo "1876"]
[Opening "Scandinavian (center counter) defense"]
[ECO "B01"]
[Time "16:31:26"]
[TimeControl "2700+45"]

1. e4 d5 2. exd5 Qxd5 3. Nf3 Nf6 4. c4 Qa5 5. Nc3 Bf5 6. Be2 e6 7. O-O c6 8. d4
Bd6 9. c5 Be7 10. Bf4 Nbd7 11. a3 Nh5 12. b4 Qd8 13. Bc1 Qc7 14. Nh4 Bxh4 15.
Bxh5 Bg6 16. Ne4 Bxe4 17. Qg4 Bxf2+ 18. Rxf2 Bg6 19. Bf4 Qd8 20. Bxg6 hxg6 21.
Bd6 Nf6 22. Qf4 Qd7 23. Raf1 O-O-O 24. a4 g5 25. Qxg5 Ne4 26. Qxg7 Nxf2 27. Rxf2
f5 28. Qe5 Rdg8 29. Bb8 Rh4 30. Bxa7 Kd8 31. Qb8+ Qc8 32. Bb6+ Ke7 33. Qd6+ Kf7
34. b5 Re4 35. Bc7 Qe8 36. h3 Qe7 37. Qh2 Rxd4 38. g4 Qxc5 39. a5 Rd1+ 40. Kg2
Qd5+ 41. Kg3 Rd3+ 42. Kh4 Qd4 43. Be5 Qd8+ 44. Kh5 Qg5# {White checkmated} 0-1

[Event "Team 45 45 League T43"]
[Site "Internet Chess Club"]
[Date "2009.11.21"]
[Round "4"]
[White "Warpdrive"]
[Black "Portola"]
[Result "1/2-1/2"]
[WhiteElo "1625"]
[BlackElo "1829"]
[Opening "French: exchange variation"]
[ECO "C01"]
[Time "21:02:44"]
[TimeControl "2700+45"]

1. e4 e6 2. d4 d5 3. exd5 exd5 4. Nf3 Nc6 5. c3 Bd6 6. Be2 Bf5 7. O-O Nge7 8.
Re1 Qd7 9. Bd3 Bg6 10. b4 O-O 11. b5 Nd8 12. Ne5 Qc8 13. Qf3 Ne6 14. Nxg6 fxg6
15. Qg4 Nd8 16. Qxc8 Rxc8 17. c4 c6 18. c5 Bf4 19. Bxf4 Rxf4 20. Rxe7 Rxd4 21.
Re3 Nf7 22. bxc6 bxc6 23. Nc3 Rb8 24. Rae1 Kf8 25. g3 Ng5 26. f4 Nf7 27. Rb1
Rxb1+ 28. Bxb1 Rc4 29. Ne2 Rxc5 30. Rc3 Rb5 31. Rb3 Rxb3 32. axb3 c5 33. Nc3 d4
34. Ne4 Ke7 35. Nxc5 Nd6 36. Kf2 Nb5 37. Kf3 Kd6 38. Nd3 Kd5 39. g4 Nd6 40. Ba2
Kc6 41. Ne5+ Kc5 42. Nd3+ Kb5 43. h4 a5 44. Bb1 a4 45. bxa4+ Kxa4 46. Nc5+ Kb4
47. Ne6 Kc3 48. Ke2 Ne8 49. Bd3 Nf6 50. g5 Nd5 51. f5 gxf5 52. Bxf5 g6 53. Bb1
Nb4 54. Nf8 d3+ 55. Bxd3 Nxd3 56. Nxh7 Kd4 57. Nf8 Ne5 58. Kf2 Ke4 59. Kg3 Kf5
60. Nxg6 Nxg6 61. h5 Kxg5 62. hxg6 Kxg6 {Game drawn because neither player has
mating material} 1/2-1/2

[Event "Team 45 45 League T43"]
[Site "Internet Chess Club"]
[Date "2009.11.20"]
[Round "4"]
[White "BraafPaard"]
[Black "ILRE"]
[Result "1-0"]
[WhiteElo "1583"]
[BlackElo "1587"]
[Opening "Pirc: classical system, 5.Be2"]
[ECO "B08"]
[Time "10:00:18"]
[TimeControl "2700+45"]

1. e4 d6 2. d4 Nf6 3. Nc3 g6 4. Nf3 Bg7 5. Be2 O-O 6. O-O c6 7. Bf4 Na6 8. e5
dxe5 9. dxe5 Qxd1 10. Rfxd1 Ng4 11. h3 Nh6 12. a3 Be6 13. Nd4 Bc8 14. Bxa6 bxa6
15. Nxc6 Re8 16. Nd5 e6 17. Nc7 Bb7 18. Nxe8 Bxc6 19. Nxg7 Kxg7 20. Rd6 Rc8 21.
g4 Ng8 22. Rc1 Ne7 23. c4 Rc7 24. b4 Nc8 25. Rd8 Be4 26. c5 Ne7 27. Rd4 Bd5 28.
Rcd1 Kf8 29. Bg5 Nc6 30. Rxd5 exd5 31. Rxd5 Ke8 32. Be3 Ke7 33. f4 f6 34. exf6+
Kxf6 35. Rd6+ Ke7 36. Kf2 a5 37. b5 Nd8 38. a4 Nb7 39. Ra6 Nxc5 40. Bxc5+ Rxc5
41. Rxa7+ Rc7 {Black resigns} 1-0

[Event "Team 45 45 League T43"]
[Site "Internet Chess Club"]
[Date "2009.11.20"]
[Round "4"]
[White "Magagna"]
[Black "SneakyRed"]
[Result "0-1"]
[WhiteElo "1783"]
[BlackElo "1816"]
[Opening "QGD Slav: Winawer counter-gambit"]
[ECO "D10"]
[Time "13:00:53"]
[TimeControl "2700+45"]

1. d4 d5 2. c4 c6 3. Nc3 e5 4. cxd5 cxd5 5. e3 e4 6. Qb3 Nf6 7. Bb5+ Bd7 8. Nge2
Bxb5 9. Qxb5+ Qd7 10. Nf4 Qxb5 11. Nxb5 Na6 12. a3 Kd7 13. Bd2 Be7 14. Rc1 Rhc8
15. O-O Rc6 16. Nc3 Nc7 17. b4 a6 18. Na4 Rb8 19. Rxc6 bxc6 20. Rc1 Nb5 21. Ra1
Kc7 22. Nc5 Bxc5 23. dxc5 a5 24. a4 Na7 25. bxa5 g5 26. Bc3 Nd7 27. Ne2 Rb3 28.
h3 Nxc5 29. Be5+ Kd7 30. Bd4 Kd6 31. Ng3 Nc8 32. Nf5+ Ke6 33. Ng7+ Kd6 34. Nf5+
Ke6 35. Bxc5 Kxf5 36. Rc1 Ke6 37. a6 Rb8 38. Bd4 Kd7 39. Bf6 h6 40. Bg7 h5 41.
Bf6 g4 42. hxg4 hxg4 43. Kh2 Rb6 44. a7 Nxa7 45. Bd4 Ra6 46. Rb1 Kd6 47. Rb7 c5
48. Rxf7 Rxa4 49. Rf6+ Ke7 50. Be5 d4 51. exd4 cxd4 52. Rg6 d3 53. Bf4 Nb5 54.
Be3 Ra2 55. Rxg4 Nc3 56. Rg7+ Ke6 57. Rg6+ Kd5 58. Rg5+ Kc4 59. Rc5+ Kb4 60. Rc8
Nd5 61. Bg5 Rxf2 62. Re8 Re2 63. Kg1 Nc3 64. Rb8+ Kc4 65. Rc8+ Kb3 66. Kf1 Rc2
67. Rb8+ Kc4 68. Rc8+ Kd5 69. Rd8+ Ke5 70. g4 Nd5 71. Ke1 e3 72. Re8+ Kd4 73.
Kf1 d2 {White resigns} 0-1

[Event "Team 45 45 League T43"]
[Site "Internet Chess Club"]
[Date "2009.11.22"]
[Round "4"]
[White "Karpyan"]
[Black "Kravier"]
[Result "1-0"]
[WhiteElo "1828"]
[BlackElo "1682"]
[Opening "QGD Slav: 3.Nf3"]
[ECO "D11"]
[Time "06:00:14"]
[TimeControl "2700+45"]

1. d4 c6 2. c4 d5 3. Nf3 Nf6 4. g3 Bf5 5. Qb3 Qc7 6. Bf4 Qb6 7. Qxb6 axb6 8.
Nbd2 e6 9. a3 Bb4 10. cxd5 exd5 11. Bg2 Bxd2+ 12. Nxd2 O-O 13. O-O Nbd7 14. Rfe1
b5 15. e4 Nxe4 16. Nxe4 Bxe4 17. Bxe4 dxe4 18. Rxe4 Rfe8 19. Rae1 Nf6 20. Rxe8+
Rxe8 21. Rxe8+ Nxe8 22. Be5 f6 23. Bb8 Kf7 24. Kf1 Ke6 25. Ke2 Kd5 26. Kd3 g6
27. Bf4 g5 28. Bd2 g4 29. Bb4 b6 30. Be7 c5 31. dxc5 bxc5 32. b3 c4+ 33. bxc4+
bxc4+ 34. Kc3 f5 35. a4 Nc7 36. Bf6 Na6 37. a5 Nc5 38. Kb4 Ne4 39. a6 Nxf6 40.
a7 Kd4 41. a8=Q Nd5+ 42. Ka3 c3 43. Kb3 h5 44. Qh8+ Ke4 45. Kc2 f4 46. gxf4 Nxf4
47. Qxc3 Nd5 48. Qc4+ Ke5 49. Kd2 Nf4 50. Qc5+ Ke4 51. Qg5 Kf3 52. Qh4 Ke4 53.
Qe7+ Kf5 54. Qc5+ Ke4 55. Qe3+ Kf5 56. Kc2 Nd5 57. Qh6 Nf4 58. Kc3 Ne2+ 59. Kc4
Nf4 60. Qh7+ Kg5 61. Qe4 Nh3 62. Kd4 Ng1 63. Qe5+ Kg6 64. Ke4 Nf3 65. Qf5+ Kh6
66. Qf6+ Kh7 67. Kf5 Nxh2 68. Qf7+ Kh8 69. Kg6 {Black resigns} 1-0

[Event "Team 45 45 League T43"]
[Site "Internet Chess Club"]
[Date "2009.11.21"]
[Round "4"]
[White "Lionskins"]
[Black "Ernie1"]
[Result "1-0"]
[WhiteElo "1661"]
[BlackElo "1575"]
[Opening "Réti opening"]
[ECO "A11"]
[Time "12:01:50"]
[TimeControl "2700+45"]

1. Nf3 c6 2. c4 d5 3. e3 Nf6 4. Nc3 Bg4 5. Qb3 Qb6 6. Na4 Qxb3 7. axb3 Bxf3 8.
gxf3 e6 9. Nb6 axb6 10. Rxa8 Nd7 11. Rg1 g6 12. Bd3 Bd6 13. Rg2 O-O 14. Bc2 dxc4
15. bxc4 Ne5 16. f4 Nxc4 17. b3 Na5 18. Bb2 Nd7 19. Rxf8+ Kxf8 20. Bc3 c5 21. h4
h5 22. Rg5 Be7 23. Rg2 Bxh4 24. b4 Nc6 25. bxc5 bxc5 26. Bd3 Na7 27. e4 b5 28.
f5 exf5 29. exf5 g5 30. Rh2 b4 31. Bb2 Nc6 32. Be2 Nde5 33. Kf1 Ng4 34. Bxg4
hxg4 35. Rg2 Ne7 36. Rxg4 Nxf5 37. Rc4 Nd6 38. Rxc5 Ne4 39. Rd5 Nxf2 40. Bf6 Ne4
41. Rd8# {Black checkmated} 1-0

[Event "Team 45 45 League T43"]
[Site "Internet Chess Club"]
[Date "2009.11.20"]
[Round "4"]
[White "chsrules88"]
[Black "pebble767"]
[Result "0-1"]
[WhiteElo "2027"]
[BlackElo "2048"]
[Opening "Vienna game"]
[ECO "C28"]
[Time "15:02:50"]
[TimeControl "2700+45"]

1. e4 e5 2. Nc3 Nf6 3. Bc4 Nc6 4. d3 Na5 5. Bb3 Bc5 6. Bg5 h6 7. Bh4 d6 8. Nf3
Nxb3 9. axb3 c6 10. h3 g5 11. Bg3 Qe7 12. O-O Nh5 13. Bh2 Nf4 14. d4 Bb6 15.
dxe5 dxe5 16. Ne2 Bd7 17. Nxf4 gxf4 18. Qd2 O-O-O 19. Qc3 f6 20. Rfd1 Rhg8 21.
Nh4 Qg7 22. Qf3 Qg5 23. Nf5 Bxf5 24. exf5 Qxf5 25. c4 Qc2 26. Rdc1 Qxb2 27. Rab1
Qd2 28. b4 Rd3 29. Qe4 Qxf2+ 30. Kh1 f3 31. Rg1 Rd2 32. Qxf3 Qxf3 33. gxf3 Bxg1
34. Bxg1 a6 35. Bb6 Rgg2 36. b5 Rh2+ 37. Kg1 Rdg2+ 38. Kf1 Rb2 39. Rd1 Rh1+ 40.
Bg1 axb5 41. cxb5 cxb5 42. h4 b4 43. h5 b3 44. f4 Rc2 45. f5 b2 46. Re1 Rc1 47.
Kg2 Rxe1 48. Kxh1 Rxg1+ 49. Kxg1 b1=Q+ 50. Kg2 Qxf5 51. Kg1 Qxh5 52. Kg2 Qg4+
53. Kh1 b5 54. Kh2 b4 55. Kh1 b3 56. Kh2 b2 57. Kh1 b1=Q+ 58. Kh2 Qbf5 59. Kh1
e4 60. Kh2 e3 61. Kh1 h5 62. Kh2 e2 63. Kh1 e1=Q+ 64. Kh2 Qee6 65. Kh1 Qfd5+ 66.
Kh2 Qdd7 67. Kh1 f5 68. Kh2 f4 69. Kh1 f3 70. Kh2 f2 71. Kh1 f1=Q+ 72. Kh2 Qff5
73. Kh1 Qh6 74. Kh2 Qdh7 75. Kh1 Qfg6 76. Kh2 h4 77. Kh1 Qh8 78. Kh2 Qh6h7 79.
Kh1 Qh3# {White checkmated} 0-1

[Event "Team 45 45 League T43"]
[Site "Internet Chess Club"]
[Date "2009.11.22"]
[Round "4"]
[White "Chessrascal"]
[Black "DeLaSalle"]
[Result "1/2-1/2"]
[WhiteElo "2109"]
[BlackElo "1999"]
[Opening "French: Labourdonnais variation"]
[ECO "C00"]
[Time "15:00:57"]
[TimeControl "2700+45"]

1. e4 e6 2. f4 b6 3. Nf3 Bb7 4. d3 d5 5. e5 d4 6. Nbd2 Ne7 7. Ne4 h5 8. Bd2 Nf5
9. Qe2 c5 10. g3 Nc6 11. Bg2 Qd7 12. a3 Nce7 13. c3 Nd5 14. Bh3 Nde3 15. Bxe3
Nxe3 16. Rc1 Be7 17. cxd4 cxd4 18. Nfd2 Rc8 19. Kf2 h4 20. Bg2 Rxc1 21. Rxc1
hxg3+ 22. hxg3 Rh2 23. Rg1 f5 24. exf6 gxf6 25. Nf1 Nxf1 26. Kxf1 f5 27. Nd2 Bd5
28. Qe5 {Game drawn by mutual agreement} 1/2-1/2

[Event "Team 45 45 League T43"]
[Site "Internet Chess Club"]
[Date "2009.11.24"]
[Round "4"]
[White "AronT"]
[Black "Dan777"]
[Result "0-1"]
[WhiteElo "1961"]
[BlackElo "1887"]
[Opening "QGD: Albin counter-gambit, Alapin variation"]
[ECO "D08"]
[Time "19:06:51"]
[TimeControl "2700+45"]

1. d4 d5 2. c4 e5 3. dxe5 d4 4. Nd2 Nc6 5. Ngf3 Nge7 6. Nb3 Ng6 7. e4 Bg4 8. Be2
Bxf3 9. Bxf3 Ngxe5 10. O-O Qd7 11. Nd2 g5 12. h3 O-O-O 13. b3 Nxf3+ 14. Nxf3 g4
15. hxg4 Qxg4 16. Ng5 Qd7 17. Nf3 Rg8 18. Bg5 Qg4 19. g3 Rxg5 20. Nxg5 Qxg5 21.
Qc1 Qg4 22. Qf4 Qxf4 23. gxf4 Bh6 24. f5 Rg8+ 25. Kh1 Rg4 26. f3 Rh4+ 27. Kg2
Bf4 28. Rh1 Rxh1 29. Rxh1 d3 30. Rd1 d2 31. Kf2 Nb4 32. Ke2 Nxa2 33. Kd3 Nc1+
34. Kc2 Ne2 35. Kd3 Ng3 36. e5 h5 37. f6 Kd7 38. Kc2 h4 39. c5 h3 40. c6+ bxc6
{White resigns} 0-1

[Event "Team 45 45 League T43"]
[Site "Internet Chess Club"]
[Date "2009.11.22"]
[Round "4"]
[White "penguinmasta"]
[Black "Goli"]
[Result "1-0"]
[WhiteElo "1617"]
[BlackElo "1748"]
[Opening "Pirc: classical system, 5.Be2"]
[ECO "B06"]
[Time "17:03:41"]
[TimeControl "2700+45"]

1. e4 g6 2. d4 Bg7 3. Nf3 d6 4. Be2 Nf6 5. Nc3 O-O 6. O-O e5 7. dxe5 dxe5 8. Bg5
Qe8 9. Nd5 Nxd5 10. Qxd5 c6 11. Qb3 Nd7 12. Rad1 Nf6 13. Qe3 b6 14. Rd6 Nh5 15.
Rfd1 f6 16. Bc4+ Kh8 17. Bh4 g5 18. Nxg5 fxg5 19. Bxg5 Nf6 20. Bxf6 Bxf6 21. Qh6
Qe7 22. Qd2 Bg5 23. Qe2 Qg7 24. Rxc6 Bh4 25. f3 Bb7 26. Rcd6 Rad8 27. Rxd8 Rxd8
28. Rxd8+ Bxd8 29. Qd3 Qc7 30. b4 a5 31. a3 axb4 32. axb4 Bg5 33. Kf2 Qd8 34.
Bd5 Bc8 35. Qc3 Bf6 36. Qd3 Be7 37. Qc3 Bf6 38. Qd3 Qc7 39. Bb3 Be7 40. Qd5 Qd8
41. Qxe5+ Bf6 42. Qd5 Qxd5 43. Bxd5 Bc3 44. b5 Bd7 45. Bc4 Bd4+ 46. Ke2 Kg7 47.
Bd3 h5 48. h3 Kf6 49. f4 h4 50. Kf3 Bg1 51. e5+ Ke7 52. Ke4 Bh2 53. f5 Be8 54.
Kd5 Bf7+ 55. Ke4 Ba2 56. c4 Bb3 57. Kd5 Bd1 58. f6+ Kf8 59. e6 Bh5 60. c5 bxc5
61. b6 Be8 62. Kxc5 Bg1+ 63. Kd6 Bxb6 64. Bc4 Bd8 65. e7+ Bxe7+ 66. fxe7+ Kg7
67. Be6 Kf6 68. Bd7 Bg6 69. e8=Q Bxe8 70. Bxe8 Kf5 71. Bc6 Kf6 72. Be4 Kg5 73.
Ke5 Kh5 74. Kf4 Kh6 75. Kg4 {Black resigns} 1-0

[Event "Team 45 45 League T43"]
[Site "Internet Chess Club"]
[Date "2009.11.22"]
[Round "4"]
[White "vazir"]
[Black "eurander"]
[Result "1/2-1/2"]
[WhiteElo "1902"]
[BlackElo "2229"]
[Opening "Caro-Kann defense"]
[ECO "B15"]
[Time "15:00:11"]
[TimeControl "2700+45"]

1. e4 c6 2. d4 d5 3. Nc3 dxe4 4. Bc4 Bf5 5. f3 exf3 6. Nxf3 e6 7. O-O Nf6 8. Bg5
Be7 9. Ne5 Bg6 10. Qd2 Nbd7 11. Nxg6 hxg6 12. Rae1 Nd5 13. Bxe7 Nxe7 14. Ne4 Qc7
15. g3 Nd5 16. Ng5 N7f6 17. Bd3 Rh6 18. c4 Nb6 19. Rxf6 gxf6 20. Nxe6 fxe6 21.
Qxh6 O-O-O 22. Qxg6 Rxd4 23. Qe8+ Qd8 24. Qxe6+ Kb8 25. Bf1 Rd2 26. Re2 Qd4+ 27.
Kh1 Rd1 28. Qe8+ Kc7 29. Qe7+ Nd7 30. Re1 Rd2 31. Re2 Qxb2 32. Rxd2 Qxd2 33. Qe2
Qxe2 34. Bxe2 Ne5 35. h4 Kd6 36. Kg2 Ke6 37. g4 a6 38. a4 b5 39. cxb5 cxb5 40.
axb5 axb5 41. Bxb5 Nxg4 42. Kf3 {Game drawn by mutual agreement} 1/2-1/2

[Event "Team 45 45 League T43"]
[Site "Internet Chess Club"]
[Date "2009.11.21"]
[Round "4"]
[White "pestka"]
[Black "vasek"]
[Result "1-0"]
[WhiteElo "2250"]
[BlackElo "1898"]
[Opening "QGD: Tarrasch, Prague variation, 9.Bg5"]
[ECO "D02"]
[Time "14:07:53"]
[TimeControl "2700+45"]

1. Nf3 d5 2. d4 Nf6 3. c4 e6 4. g3 c5 5. Bg2 Be7 6. O-O O-O 7. cxd5 exd5 8. Nc3
Nc6 9. Bg5 cxd4 10. Nxd4 h6 11. Be3 Re8 12. Rc1 Bf8 13. Na4 Ne5 14. Nb5 Nc6 15.
Bf4 Re7 16. Bd6 Rd7 17. Bxf8 Kxf8 18. Nd4 Nxd4 19. Qxd4 b6 20. Rfd1 Ba6 21. Nc3
Bb7 22. Qa4 Rc7 23. Rd4 Bc6 24. Qd1 Rd7 25. Rc2 Qe8 26. Rcd2 Rad8 27. e3 Qe5 28.
Bh3 Rd6 29. e4 g5 30. Bg2 Bb7 31. exd5 Kg7 32. a3 a6 33. h3 R8d7 34. R2d3 Rd8
35. Qd2 Qf5 36. Nd1 Qd7 37. Ne3 b5 38. h4 Kf8 39. hxg5 hxg5 40. Nc2 Qf5 41. Ne3
Qd7 42. Nc2 Qf5 43. Nb4 Kg7 44. b3 Kf8 45. Nc2 Kg7 46. Ne3 Qd7 47. g4 Kg6 48.
Nf5 Rb6 49. Rh3 Ng8 50. Be4 {Black resigns} 1-0

[Event "Team 45 45 League T43"]
[Site "Internet Chess Club"]
[Date "2009.11.19"]
[Round "4"]
[White "avila"]
[Black "awb"]
[Result "0-1"]
[WhiteElo "1772"]
[BlackElo "1755"]
[Opening "French: advance, Paulsen attack"]
[ECO "C02"]
[Time "17:30:08"]
[TimeControl "2700+45"]

1. e4 e6 2. d4 d5 3. e5 c5 4. c3 Nc6 5. Nf3 Qb6 6. a3 Nh6 7. b4 cxd4 8. cxd4 Nf5
9. Be3 Be7 10. Bd3 Bd7 11. Nc3 Nxe3 12. fxe3 Nxb4 13. axb4 Bxb4 14. Rc1 Rc8 15.
Kd2 Qa5 16. Qb3 O-O 17. Ng1 f6 18. exf6 Rxf6 19. Ne2 Rf2 20. Rhg1 Bb5 21. Ke1
Ba4 22. Qb2 Bxc3+ 23. Rxc3 Qxc3+ 24. Qxc3 Rxe2+ 25. Kxe2 Rxc3 26. Ra1 b5 27. Kd2
Rc7 28. Rb1 a6 29. g3 Rf7 30. Ke2 Rc7 31. Kd2 h6 32. e4 dxe4 33. Bxe4 Rc4 34.
Ke3 Bc2 35. Bxc2 Rxc2 36. Ra1 Rc6 37. Ke4 Kf7 38. d5 exd5+ 39. Kxd5 Rf6 40. h4
Ke7 41. Re1+ Kd7 42. Ra1 Kc7 43. Re1 Kd7 44. Ra1 Rg6 45. Ra3 Kc7 46. Kc5 Rf6 47.
Re3 Rc6+ 48. Kd5 Rd6+ 49. Kc5 Kd7 50. Rf3 Rc6+ 51. Kd5 Rf6 52. Rd3 Rd6+ 53. Ke4
Rxd3 54. Kxd3 Kd6 55. Ke4 g6 56. g4 a5 57. h5 gxh5 58. gxh5 Ke6 59. Ke3 Ke5 60.
Kd3 a4 61. Kc3 Kf5 62. Kb4 Kg5 63. Ka3 Kxh5 64. Kb4 Kg4 65. Ka3 h5 66. Kb4 h4
67. Kxb5 a3 68. Kc4 a2 69. Kb3 a1=Q 70. Kc4 h3 71. Kd3 h2 72. Kc4 h1=Q 73. Kc5
Qc3+ 74. Kb5 Qhc6# {White checkmated} 0-1

[Event "Team 45 45 League T43"]
[Site "Internet Chess Club"]
[Date "2009.11.23"]
[Round "4"]
[White "vollmerj"]
[Black "soccerisfun"]
[Result "0-1"]
[WhiteElo "1695"]
[BlackElo "1538"]
[Opening "QP counter-gambit (elephant gambit)"]
[ECO "C40"]
[Time "19:02:48"]
[TimeControl "2700+45"]

1. e4 e5 2. Nf3 d5 3. Nxe5 Bd6 4. d4 dxe4 5. Bc4 Bxe5 6. dxe5 Qxd1+ 7. Kxd1 Nc6
8. c3 Nxe5 9. Bd5 Bg4+ 10. Ke1 Nd3+ 11. Kf1 {White resigns} 0-1

[Event "Team 45 45 League T43"]
[Site "Internet Chess Club"]
[Date "2009.11.22"]
[Round "4"]
[White "Thenazgul"]
[Black "eurander"]
[Result "1/2-1/2"]
[WhiteElo "2171"]
[BlackElo "2226"]
[Opening "Caro-Kann: classical, Spassky variation"]
[ECO "B18"]
[Time "17:17:04"]
[TimeControl "2700+45"]

1. e4 c6 2. Nc3 d5 3. d4 dxe4 4. Nxe4 Bf5 5. Ng3 Bg6 6. Nf3 Nd7 7. h4 h6 8. h5
Bh7 9. Bd3 Bxd3 10. Qxd3 e6 11. Bf4 Qa5+ 12. Bd2 Bb4 13. c3 Be7 14. c4 Qc7 15.
O-O-O Ngf6 16. Kb1 O-O 17. Rh4 b5 18. Ne4 Rfd8 19. Nxf6+ Nxf6 20. Rc1 bxc4 21.
Qxc4 Rd5 22. Qxc6 Qxc6 23. Rxc6 {Game drawn by mutual agreement} 1/2-1/2

[Event "Team 45 45 League T43"]
[Site "Internet Chess Club"]
[Date "2009.11.20"]
[Round "4"]
[White "NFork"]
[Black "noHz"]
[Result "1-0"]
[WhiteElo "2205"]
[BlackElo "2123"]
[Opening "French: advance variation"]
[ECO "C02"]
[Time "13:10:08"]
[TimeControl "2700+45"]

1. e4 e6 2. d4 d5 3. e5 c5 4. c3 Qb6 5. Nf3 Nc6 6. Be2 cxd4 7. cxd4 Nh6 8. Nc3
Nf5 9. Na4 Qa5+ 10. Bd2 Bb4 11. Bc3 b5 12. a3 Bxc3+ 13. Nxc3 b4 14. axb4 Qxb4
15. Bb5 Bd7 16. Bxc6 Bxc6 17. Qd2 O-O 18. O-O Rfb8 19. Ra2 h6 20. Rfa1 a5 21. g4
Ne7 22. Ne1 g5 23. Qe3 Bb5 24. Nxb5 Qxb5 25. h4 Qb3 26. Nd3 Ng6 27. Ra3 Qb6 28.
hxg5 hxg5 29. b4 Qd8 30. bxa5 Ra6 31. Kg2 Rb5 32. Kg3 Rbxa5 33. Rxa5 Rxa5 34.
Rxa5 Qxa5 35. Qxg5 Qc3 36. Qe3 Qa1 37. Ne1 Qb2 38. Nf3 Qb1 39. Kg2 Qd1 40. Kg3
Qb1 41. Qe1 Qd3 42. Qc1 Kg7 43. Qg5 Kf8 44. Kg2 Qe4 45. Kg3 Qd3 46. Qd8+ Kg7 47.
Qf6+ Kg8 48. Kh2 Qe4 49. Ng5 Qf4+ 50. Qxf4 Nxf4 51. Nf3 Kg7 52. Kg3 Ne2+ 53. Kg2
Kg6 54. Kf1 Nf4 55. Ke1 Nd3+ 56. Ke2 Nf4+ 57. Kd2 Ng2 58. Ne1 Nf4 59. Ke3 Kg5
60. Kf3 Ng6 61. Kg3 Ne7 62. f4+ Kg6 63. Kf3 Nc6 64. Ke3 Nb4 65. Nf3 Na2 66. Kd2
Nb4 67. Kc3 Nc6 68. Nh4+ Kg7 69. Nf3 Kg6 70. Ne1 Na5 71. Nc2 Nc4 72. Kb4 Nd2 73.
Kc5 Ne4+ 74. Kc6 Ng3 75. f5+ exf5 76. gxf5+ Kxf5 77. Kxd5 Kf4 78. Nb4 Nf5 79.
Nc2 Kf3 80. Na3 Ne3+ 81. Kc5 Kf4 82. Nc4 Ng4 83. d5 Kf5 84. Kc6 Nf2 85. d6 Nd3
86. d7 Nb4+ 87. Kd6 {Black resigns} 1-0

[Event "Team 45 45 League T43"]
[Site "Internet Chess Club"]
[Date "2009.11.25"]
[Round "4"]
[White "screamingeagle"]
[Black "pentti63"]
[Result "0-1"]
[WhiteElo "2025"]
[BlackElo "2250"]
[Opening "Caro-Kann: exchange variation"]
[ECO "B13"]
[Time "10:16:19"]
[TimeControl "2700+45"]

1. e4 c6 2. d4 d5 3. exd5 cxd5 4. Bd3 Nc6 5. c3 g6 6. Bf4 Bg7 7. Nf3 Nh6 8. h4
Bg4 9. Qb3 Qd7 10. Nbd2 O-O 11. O-O-O Rfc8 12. Rde1 a6 13. Qb6 Nf5 14. Ne5 Nxe5
15. Bxe5 Rc6 16. Qb4 a5 17. Qa3 Nd6 18. f3 Bf5 19. Bf1 b5 20. Bxd6 Rxd6 21. g4
b4 22. Qb3 bxc3 23. bxc3 Be6 24. Bb5 Qc7 25. Kb2 a4 26. Qb4 Rb6 27. Nb1 Rxb5 28.
Qxb5 Rb8 29. Qxb8+ Qxb8+ 30. Kc2 Qf4 31. Nd2 h5 32. gxh5 Bf5+ 33. Kd1 Bh6 34.
Re2 Bd3 35. Rg2 Kh7 36. hxg6+ Bxg6 37. h5 Bf5 38. Re1 e6 39. Re5 Qh4 40. Nf1
Qxh5 41. Nh2 Bf4 42. Ree2 f6 43. Rb2 Qh3 44. Rb7+ Kh6 45. Rbb2 e5 46. a3 exd4
47. cxd4 Bg3 48. Ra2 Qh4 49. Rad2 Qf4 50. Nf1 Qxf3+ {White resigns} 0-1

[Event "Team 45 45 League T43"]
[Site "Internet Chess Club"]
[Date "2009.11.21"]
[Round "4"]
[White "Kolibri"]
[Black "freestyle"]
[Result "1-0"]
[WhiteElo "2119"]
[BlackElo "2297"]
[Opening "Sicilian defense"]
[ECO "B20"]
[Time "14:00:24"]
[TimeControl "2700+45"]

1. e4 c5 2. Bc4 d6 3. c3 Nf6 4. Qe2 Nc6 5. h3 e6 6. Nf3 Be7 7. d4 cxd4 8. Nxd4
O-O 9. Bb3 Qc7 10. Nd2 a6 11. O-O b5 12. N2f3 Bb7 13. Bc2 Rac8 14. Bd3 Nd7 15.
Nxc6 Bxc6 16. Nd4 Bb7 17. f4 Bf6 18. Nb3 Nb6 19. Nd4 b4 20. Be3 Nc4 21. Bf2 e5
22. fxe5 dxe5 23. Nf5 Rfd8 24. cxb4 Nxb2 25. Bxa6 Bxa6 26. Qxa6 Qc2 27. Bc5 Ra8
28. Nh6+ Kh8 29. Nxf7+ Kg8 30. Qe6 Qc4 31. Nxd8+ {Black resigns} 1-0

[Event "Team 45 45 League T43"]
[Site "Internet Chess Club"]
[Date "2009.11.21"]
[Round "4"]
[White "egyptiantiger"]
[Black "Monsoon-Smith"]
[Result "0-1"]
[WhiteElo "2175"]
[BlackElo "2038"]
[Opening "King's Indian: orthodox, Aronin-Taimanov, 9.Ne1"]
[ECO "E98"]
[Time "16:01:11"]
[TimeControl "2700+45"]

1. d4 Nf6 2. c4 g6 3. Nc3 Bg7 4. e4 d6 5. Nf3 O-O 6. Be2 e5 7. O-O Nc6 8. d5 Ne7
9. Ne1 Nd7 10. Nd3 f5 11. Bd2 Nf6 12. f3 f4 13. Rc1 g5 14. c5 Ng6 15. cxd6 cxd6
16. Nb5 Rf7 17. Qc2 Ne8 18. a4 h5 19. Nf2 Bd7 20. Qb3 Bf6 21. Rc2 Qb8 22. Rfc1
Bd8 23. a5 Rg7 24. Na3 a6 25. Nc4 Bb5 26. Be1 Kh8 27. Nb6 Bxb6 28. axb6 Bd7 29.
h3 Nf8 30. Qa3 Qd8 31. Rc7 Rc8 32. Nd3 Nxc7 33. bxc7 Qf6 34. Bb4 Rg6 35. Nf2 Nh7
36. Qa5 Rcg8 37. Qb6 Bc8 38. Rc3 Nf8 39. Qa5 Rh6 40. Qa3 Rg7 41. Ba5 Rgh7 42. b4
b5 43. Bb6 Nd7 44. Ba7 Qe7 45. Rc6 Nf6 46. Bb8 g4 47. Rxa6 gxh3 48. gxh3 Rg7+
49. Kf1 Rhg6 50. Ke1 Ne8 51. Rc6 Qh4 52. Bf1 Rg1 53. Qd3 Nxc7 54. Rxc7 Bxh3 55.
Rxg7 Kxg7 56. Bxd6 Bxf1 57. Bxe5+ Kf7 58. Qd4 Bc4+ 59. Kd2 Rf1 60. Qa7+ Qe7 61.
Bd4 h4 62. Qb6 Qxb4+ 63. Bc3 Qe7 64. d6 Qd7 65. Qd4 Rxf2+ 66. Qxf2 Qxd6+ 67. Kc1
Qa3+ 68. Bb2 Qe3+ 69. Qxe3 fxe3 70. Be5 Be2 71. Bf4 h3 72. e5 Bxf3 73. Kc2 Ke6
74. Kd3 e2 75. Kd2 b4 76. Bg3 b3 77. Kc3 h2 {White resigns} 0-1

[Event "Team 45 45 League T43"]
[Site "Internet Chess Club"]
[Date "2009.11.21"]
[Round "4"]
[White "Amauta"]
[Black "Pason"]
[Result "1/2-1/2"]
[WhiteElo "1906"]
[BlackElo "2121"]
[Opening "Sicilian: O'Kelly variation"]
[ECO "B28"]
[Time "12:14:50"]
[TimeControl "2700+45"]

1. e4 c5 2. Nf3 a6 3. d4 cxd4 4. Nxd4 Nf6 5. Bd3 e5 6. Nb3 d5 7. Bg5 dxe4 8.
Bxf6 gxf6 9. Bxe4 Qxd1+ 10. Kxd1 f5 11. Bd5 Nd7 12. Nc3 Nb6 13. Re1 Bd6 14. Bf3
e4 15. g3 Be6 16. Bg2 Nc4 17. Kc1 Rc8 18. Nd4 Be5 19. Nce2 Ke7 20. f4 Bg7 21. c3
b5 22. Bh3 Nd6 23. Kd2 h5 24. b3 h4 25. Rh1 Rhd8 26. Ke3 hxg3 27. hxg3 Bxd4+ 28.
cxd4 Rc2 29. Rhc1 Rdc8 30. Rxc2 Rxc2 31. Rc1 Rxa2 32. d5 Bxd5 33. Nc3 Bxb3 34.
Nxa2 Bxa2 35. Ra1 Be6 36. Rxa6 b4 37. Bf1 b3 38. Rb6 Kd7 39. Kd4 Kc7 40. Rb4 Kc6
41. Be2 f6 42. Ba6 Bf7 43. Be2 Be6 44. Ba6 Bf7 {Game drawn by mutual agreement}
1/2-1/2

[Event "Team 45 45 League T43"]
[Site "Internet Chess Club"]
[Date "2009.11.24"]
[Round "4"]
[White "Uwak"]
[Black "ChatBanned"]
[Result "1-0"]
[WhiteElo "2376"]
[BlackElo "2293"]
[Opening "Sicilian defense"]
[ECO "B41"]
[Time "02:59:32"]
[TimeControl "2700+45"]

1. e4 c5 2. Nf3 e6 3. d4 cxd4 4. Nxd4 Qb6 5. Be3 Bc5 6. Nb5 Bxe3 7. fxe3 Nh6 8.
Nd6+ Ke7 9. Nc4 Qc7 10. Nc3 a6 11. Qd4 Kf8 12. Qb6 {Black resigns} 1-0